 Dungeon Crawl Stone Soup version 0.18.1-50-g88ac8fd (webtiles) character file.

548 magog001 the Shield-Bearer (level 7, -4/61 HPs)
             Began as a Hill Orc Fighter on Aug 15, 2018.
             Slain by an iguana (8 damage)
             ... on level 5 of the Dungeon.
             The game lasted 00:28:23 (4367 turns).

magog001 the Shield-Bearer (Hill Orc Fighter)       Turns: 4367, Time: 00:28:24

Health: -4/61      AC:  9    Str: 21    XL:     7   Next: 28%
Magic:  16/16      EV:  4    Int:  8    God:
Gold:   239        SH: 15    Dex: 10    Spells: 0 memorised, 6 levels left

rFire  . . .     SeeInvis .     s - +0 hand axe (vamp)
rCold  . . .     Gourm    .     n - +0 chain mail
rNeg   . . .     Faith    .     t - +0 large shield
rPois  .         Spirit   .     (no helmet)
rElec  .         Dismiss  .     (no cloak)
rCorr  .         Reflect  .     (no gloves)
SustAt .         Harm     .     (no boots)
MR     .....                    (no amulet)
Stlth  ..........               m - ring of stealth
                                i - ring of magical power

@: not resistant to hostile enchantments, extremely unstealthy
A: no striking features
a: no special abilities


You were on level 5 of the Dungeon.
You were not hungry.

You visited 1 branch of the dungeon, and saw 5 of its levels.

You collected 239 gold pieces.

Inventory:

Hand Weapons
 s - a +0 vampiric hand axe (weapon)
 w - a cursed +0 flail
 y - a +0 blowgun
Missiles
 a - 18 bolts
 e - 48 sling bullets
 o - 70 poisoned needles
 q - 8 needles of confusion
Armour
 n - a +0 chain mail (worn)
 t - a +0 large shield (worn)
 B - a +0 cloak
Jewellery
 i - a ring of magical power (left hand)
 m - a ring of stealth (right hand)
 u - an uncursed ring of protection from fire {unknown}
 E - a cursed ring of loudness {unknown}
 G - a cursed ring of teleportation {unknown}
Wands
 v - a wand of iceblast (4/15)
Scrolls
 c - a scroll of enchant weapon {unknown}
 g - a scroll of blinking {unknown}
 j - 5 scrolls of identify
 k - 3 scrolls of recharging {unknown}
 r - 4 scrolls of teleportation {unknown}
 D - 3 scrolls of remove curse {unknown}
 J - a scroll of fear {unknown}
Potions
 b - a potion of agility {unknown}
 d - a potion of might
 h - a potion of resistance {unknown}
 l - 2 potions of berserk rage {unknown}
 x - 2 potions of lignification {unknown}
 z - a potion of invisibility {unknown}
 C - a potion of curing {unknown}
 F - a potion of brilliance {unknown}
 H - a potion of mutation {unknown}
 I - a potion of ambrosia {unknown}
Comestibles
 f - 3 bread rations
 p - 2 fruits
 A - a chunk of flesh


   Skills:
 * Level 5.3 Fighting
 * Level 3.9 Axes
 * Level 5.0 Armour
 + Level 1.4 Dodging
 * Level 6.2 Shields


You had 6 spell levels left.
You didn't know any spells.

Dungeon Overview and Level Annotations

Branches:
Dungeon (5/15)
 Temple: D:4-7

Altars:
Okawaru
Vehumet
Xom


Message History

You hit the worker ant.
You kill the worker ant!
You closely miss the iguana.
The iguana is heavily wounded.
The iguana bites you.
* * * LOW HITPOINT WARNING * * *
Unknown command.
You barely miss the iguana.
The iguana is heavily wounded.
The iguana bites you but does no damage.
You closely miss the iguana.
The iguana is heavily wounded.
The iguana bites you!
* * * LOW HITPOINT WARNING * * *
The iguana bites you.
* * * LOW HITPOINT WARNING * * *
Your shield prevents you from hitting the iguana.
The iguana is heavily wounded.
The iguana bites you!
You die...

#.#.### #... #.#...###.#
.#.
#.#.#.....###########...
....+...................
#...#...................
#..<....................
#.......................
#.......................
........#######+@.......
........# +l.......
........# .........
........# ..........
....##### ........)..
.... ............ ..
###..........
#..........


You could see an iguana.

Vanquished Creatures
  A centaur zombie (D:5)
  A hound (D:4)
  2 orc wizards
  Crazy Yiuf (D:3)
  Terence (D:2)
  An iguana (D:3)
  Natasha (thrice) (D:3)
  3 worker ants
  A gnoll (D:3)
  10 adders
  An ooze (D:3)
  4 worms
  A dart slug (D:2)
  2 giant geckos
  7 orcs
  5 giant cockroaches
  5 goblins
  8 hobgoblins
  9 jackals
  4 quokkas (D:3)
  2 ball pythons (D:3)
  11 bats
  5 giant newts
  9 kobolds
  6 rats
103 creatures vanquished.

Notes
Turn   | Place    | Note
--------------------------------------------------------------
     0 | D:1      | magog001 the Hill Orc Fighter began the quest for the Orb.
     0 | D:1      | Reached XP level 1. HP: 19/19 MP: 1/1
   426 | D:1      | Reached XP level 2. HP: 27/27 MP: 2/2
   978 | D:2      | Reached skill level 4 in Shields
   978 | D:2      | Reached XP level 3. HP: 33/33 MP: 3/3
  1013 | D:2      | Noticed Terence
  1023 | D:2      | Killed Terence
  1023 | D:2      | Reached XP level 4. HP: 28/40 MP: 4/4
  1407 | D:2      | Reached skill level 1 in Dodging
  1941 | D:3      | Reached XP level 5. HP: 45/47 MP: 5/5
  1942 | D:3      | Found an iron altar of Okawaru.
  2144 | D:3      | Reached skill level 5 in Shields
  2530 | D:3      | Reached XP level 6. HP: 49/53 MP: 6/6
  2657 | D:3      | Noticed Natasha
  2663 | D:3      | Killed Natasha
  2728 | D:3      | Found a radiant altar of Vehumet.
  2774 | D:3      | Found a faded altar to an unknown god.
  2858 | D:3      | Noticed Crazy Yiuf
  2864 | D:3      | Killed Crazy Yiuf
  3121 | D:3      | Noticed Natasha
  3128 | D:3      | Killed Natasha
  3550 | D:3      | Noticed Natasha
  3569 | D:3      | Killed Natasha
  3602 | D:4      | Found a shimmering altar of Xom.
  3602 | D:4      | Found a shimmering altar of Xom.
  3602 | D:4      | Found a shimmering altar of Xom.
  3603 | D:4      | Found a shimmering altar of Xom.
  3603 | D:4      | Found a shimmering altar of Xom.
  3610 | D:4      | Found a shimmering altar of Xom.
  3612 | D:4      | Found a shimmering altar of Xom.
  3675 | D:4      | Reached skill level 5 in Fighting
  3721 | D:4      | Reached XP level 7. HP: 54/61 MP: 7/7
  3797 | D:4      | Reached skill level 5 in Armour
  4102 | D:4      | Reached skill level 6 in Shields
  4329 | D:5      | Entered Level 5 of the Dungeon
  4367 | D:5      | Slain by an iguana

Skill      XL: |  1  2  3  4  5  6  7 |
---------------+----------------------+-----
Fighting       | 4 5 |  5.3
Shields        | 4 5 6 |  6.2
Dodging        | 1 |  1.4
Armour         | 4 5 |  5.0
Axes           | 3 |  3.9

Action                   |  1- 3 |  4- 6 |  7- 9 || total
-------------------------+-------+-------+-------++-------
Melee: War axe           |    91 |    81 |       ||   172
       Hand axe          |       |   344 |    55 ||   399
  Use: Scroll            |       |     1 |       ||     1
  Eat: Chunk             |     1 |     6 |     3 ||    10
       Bread ration      |       |     1 |       ||     1
       Beef jerky        |       |     1 |       ||     1
       Fruit             |       |     2 |       ||     2
Armor: Scale mail        |    73 |     1 |       ||    74
       Chain mail        |       |   216 |    31 ||   247
Dodge: Dodged            |    51 |    52 |     5 ||   108
Block: Shield            |    65 |    19 |       ||    84
       Large shield      |       |   374 |    58 ||   432
